| TOP OF THE 1ST |
|
Hagerstown Suns batting - Pitching for Great Lakes Loons : RHP Pat Matera
|
|
Pitching: RHP Pat Matera
|
|
|
Batting: RHB Bobby Bricker
|
0-0: Called Strike 0-1: Ball 1-1: Ground out 4-3 (Groundball, 4M, EV 83.8 MPH)
|
|
Batting: RHB Antonio Morado
|
0-0: Swinging Strike 0-1: Foul Ball, location: 2F 0-2: Strikes out swinging
|
|
Batting: RHB Slavik Nebrodov
|
0-0: Ball 1-0: Ball 2-0: Called Strike 2-1: Ground out 2-3 (Groundball, 15S, EV 68.8 MPH)
|
| Top of the 1st over - 0 runs, 0 hits, 0 errors, 0 left on base; Hagerstown 0 - Great Lakes 0 |
| BOTTOM OF THE 1ST |
|
Great Lakes Loons batting - Pitching for Hagerstown Suns : RHP Jimmy Purscell
|
|
Pitching: RHP Jimmy Purscell
|
|
|
Batting: RHB Jason Baldwin
|
0-0: Ball 1-0: Foul Ball, location: 2F 1-1: SINGLE (Line Drive, 89S, EV 111.2 MPH)
|
|
Batting: LHB Tore Bosch
|
0-0: Called Strike 0-1: Swinging Strike 0-2: Ball 1-2: Ball 2-2: Foul Ball, location: 2F 2-2: Foul Ball, location: 2F 2-2: Foul Ball, location: 2F 2-2: Ball 3-2: Foul Ball, location: 2F 3-2: SINGLE (Line Drive, 89S, EV 113.8 MPH) Jason Baldwin to second Jason Baldwin to third
|
|
Batting: LHB Jesus Ramirez
|
0-0: Ball 1-0: Ball 2-0: Ball Wild Pitch! Jason Baldwin scores Tore Bosch to second 3-0: Called Strike 3-1: Foul Ball, location: 2F 3-2: Ground out 4-3 (Groundball, 4, EV 91.9 MPH) Tore Bosch to third
|
|
Batting: LHB Jim Jardine
|
0-0: Ball 1-0: Fly out, F4 (Line Drive, 4, EV 65.6 MPH)
|
|
Batting: RHB Javier Solis
|
0-0: Ground out 6-3 (Groundball, 6, EV 86.9 MPH)
|
| Bottom of the 1st over - 1 run, 2 hits, 0 errors, 1 left on base; Hagerstown 0 - Great Lakes 1 |
| TOP OF THE 2ND |
|
Hagerstown Suns batting - Pitching for Great Lakes Loons : RHP Pat Matera
|
|
Batting: RHB Deshawn Boseman
|
0-0: Ball 1-0: SINGLE (Groundball, 34D, EV 101.9 MPH)
|
|
Batting: RHB Nick Moreno
|
0-0: Called Strike 0-1: Ball 1-1: Ball 2-1: Fielders Choice at 2nd, 6-4 (Groundball, 6, EV 77.5 MPH)
|
|
Batting: RHB Ben Welt
|
0-0: Called Strike 0-1: Ball Nick Moreno steals 2nd base 1-1: Ball 2-1: Swinging Strike 2-2: Strikes out swinging
|
|
Batting: RHB Naofumi Ishida
|
0-0: Swinging Strike 0-1: Fly out, F8 (Flyball, 8LD, EV 103.8 MPH)
|
| Top of the 2nd over - 0 runs, 1 hit, 0 errors, 1 left on base; Hagerstown 0 - Great Lakes 1 |
| BOTTOM OF THE 2ND |
|
Great Lakes Loons batting - Pitching for Hagerstown Suns : RHP Jimmy Purscell
|
|
Batting: RHB Justin Curran
|
0-0: Called Strike 0-1: Foul Ball, location: 2F 0-2: Ball 1-2: Foul Ball, location: 2F 1-2: Ground out 4-3 (Groundball, 4, EV 94.4 MPH)
|
|
Batting: RHB Ruben Serrata
|
0-0: Ground out 5-3 (Groundball, 5S, EV 71.2 MPH)
|
|
Batting: RHB Trevor Conklin
|
0-0: Ball 1-0: Ball 2-0: Ball 3-0: Called Strike 3-1: Called Strike 3-2: Ground out 6-3 (Groundball, 6, EV 83.1 MPH)
|
| Bottom of the 2nd over - 0 runs, 0 hits, 0 errors, 0 left on base; Hagerstown 0 - Great Lakes 1 |
| TOP OF THE 3RD |
|
Hagerstown Suns batting - Pitching for Great Lakes Loons : RHP Pat Matera
|
|
Batting: RHB Steve Bauman
|
0-0: Called Strike 0-1: Ball 1-1: Foul Ball, location: 2F 1-2: SINGLE (Groundball, 56D, EV 106.2 MPH)
|
|
Batting: RHB Jelexiz Cuenca
|
0-0: Ball 1-0: Called Strike 1-1: Ball 2-1: SINGLE (Groundball, 13, EV 87.5 MPH) (infield hit) Steve Bauman to second
|
|
Batting: RHB Bobby Bricker
|
0-0: Foul Ball, location: 2F 0-1: Ball 1-1: Foul Ball, location: 2F 1-2: Foul Ball, location: 2F 1-2: Grounds into double play, 1-4-3 (Groundball, 15, EV 73.8 MPH) Steve Bauman to third
|
|
Batting: RHB Antonio Morado
|
0-0: Fly out, F9 (Flyball, 9LM, EV 85.0 MPH)
|
| Top of the 3rd over - 0 runs, 2 hits, 0 errors, 1 left on base; Hagerstown 0 - Great Lakes 1 |
| BOTTOM OF THE 3RD |
|
Great Lakes Loons batting - Pitching for Hagerstown Suns : RHP Jimmy Purscell
|
|
Batting: LHB Nate Kee
|
0-0: Swinging Strike 0-1: Ball 1-1: Ball 2-1: Ground out 4-3 (Groundball, 4, EV 106.2 MPH)
|
|
Batting: RHB Jason Baldwin
|
0-0: Called Strike 0-1: Ball 1-1: Ball 2-1: Foul Ball, location: 2F 2-2: Ball 3-2: SINGLE (Flyball, 6MD, EV 87.5 MPH)
|
|
Batting: LHB Tore Bosch
|
0-0: Ball 1-0: SINGLE (Groundball, 4MD, EV 105.6 MPH) Jason Baldwin to second Runner from 2nd tries for 3rd, SAFE, throw by CF made to third
|
|
Batting: LHB Jesus Ramirez
|
0-0: Ball 1-0: Called Strike 1-1: Ball 2-1: 3-RUN HOME RUN (Line Drive, 89XD, EV 99.4 MPH), Distance : 400 ft
|
|
Batting: LHB Jim Jardine
|
0-0: SINGLE (Flyball, 89S, EV 87.5 MPH)
|
|
Batting: RHB Javier Solis
|
0-0: Ball 1-0: Grounds into double play, 5-4-3 (Groundball, 5S, EV 86.2 MPH)
|
| Bottom of the 3rd over - 3 runs, 4 hits, 0 errors, 0 left on base; Hagerstown 0 - Great Lakes 4 |
| TOP OF THE 4TH |
|
Hagerstown Suns batting - Pitching for Great Lakes Loons : RHP Pat Matera
|
|
Batting: RHB Slavik Nebrodov
|
0-0: Called Strike 0-1: Called Strike 0-2: Strikes out swinging
|
|
Batting: RHB Deshawn Boseman
|
0-0: Ball 1-0: Ball 2-0: Swinging Strike 2-1: Swinging Strike 2-2: Ground out 3-1 (Groundball, 34S, EV 85.6 MPH)
|
|
Batting: RHB Nick Moreno
|
0-0: Ball 1-0: Called Strike 1-1: Called Strike 1-2: Ball 2-2: Ball 3-2: Ground out 5-3 (Groundball, 56, EV 81.9 MPH)
|
| Top of the 4th over - 0 runs, 0 hits, 0 errors, 0 left on base; Hagerstown 0 - Great Lakes 4 |
| BOTTOM OF THE 4TH |
|
Great Lakes Loons batting - Pitching for Hagerstown Suns : RHP Jimmy Purscell
|
|
Batting: RHB Justin Curran
|
0-0: Called Strike 0-1: Foul Ball, location: 2F 0-2: Foul Ball, location: 2F 0-2: Ball 1-2: Foul Ball, location: 2F 1-2: Ball 2-2: Foul Ball, location: 2F 2-2: Ball 3-2: DOUBLE (Flyball, 89D, EV 99.4 MPH)
|
|
Batting: RHB Ruben Serrata
|
0-0: Ball 1-0: Called Strike 1-1: Ball 2-1: Foul Ball, location: 2F 2-2: Foul Ball, location: 2F 2-2: 2-RUN HOME RUN (Flyball, 8LXD, EV 99.4 MPH), Distance : 407 ft
|
|
Pitching: RHP Bastien Perrini
|
|
|
Batting: RHB Trevor Conklin
|
0-0: Swinging Strike 0-1: Ball 1-1: Ball 2-1: Foul Ball, location: 2F 2-2: Reached on error, E6 (Groundball, 6, EV 106.9 MPH)
|
|
Batting: LHB Nate Kee
|
0-0: Ball 1-0: Swinging Strike 1-1: Ball 2-1: Called Strike 2-2: Foul Ball, location: 2F 2-2: Strikes out looking
|
|
Batting: RHB Jason Baldwin
|
0-0: SINGLE (Groundball, 6MD, EV 106.9 MPH) Trevor Conklin to second
|
|
Batting: LHB Tore Bosch
|
0-0: Ball 1-0: Ball 2-0: Ball 3-0: Base on Balls Trevor Conklin to third Jason Baldwin to second
|
|
Batting: LHB Jesus Ramirez
|
0-0: Reached on error, E4 (Groundball, 4, EV 88.1 MPH) Trevor Conklin scores Jason Baldwin to third Tore Bosch to second
|
|
Batting: LHB Jim Jardine
|
0-0: Grounds into fielders choice 1-2 (Groundball, 34S, EV 68.8 MPH) Tore Bosch to third Jesus Ramirez to second
|
|
Batting: RHB Javier Solis
|
0-0: Called Strike 0-1: Ball 1-1: Foul Ball, location: 2F 1-2: Ball 2-2: Ball 3-2: Base on Balls Tore Bosch scores Jesus Ramirez to third Jim Jardine to second
|
|
Batting: RHB Justin Curran
|
0-0: Ball 1-0: Ball 2-0: Fly out, F8 (Flyball, 78D, EV 100.6 MPH)
|
| Bottom of the 4th over - 4 runs, 3 hits, 2 errors, 3 left on base; Hagerstown 0 - Great Lakes 8 |
| TOP OF THE 5TH |
|
Hagerstown Suns batting - Pitching for Great Lakes Loons : RHP Pat Matera
|
|
Batting: RHB Ben Welt
|
0-0: Called Strike 0-1: Swinging Strike 0-2: Foul Ball, location: 2F 0-2: DOUBLE (Line Drive, 78XD, EV 105.0 MPH)
|
|
Batting: RHB Naofumi Ishida
|
0-0: Called Strike 0-1: Called Strike 0-2: Ball 1-2: Foul Ball, location: 2F 1-2: Ball 2-2: Ground out 6-3 (Groundball, 6, EV 93.1 MPH)
|
|
Batting: RHB Steve Bauman
|
0-0: Ground out 4-3 (Groundball, 4, EV 76.2 MPH) Ben Welt to third
|
|
Batting: RHB Jelexiz Cuenca
|
0-0: Ball 1-0: Fly out, F8 (Line Drive, 8RM, EV 104.4 MPH)
|
| Top of the 5th over - 0 runs, 1 hit, 0 errors, 1 left on base; Hagerstown 0 - Great Lakes 8 |
| BOTTOM OF THE 5TH |
|
Great Lakes Loons batting - Pitching for Hagerstown Suns : RHP Bastien Perrini
|
|
Batting: RHB Ruben Serrata
|
0-0: Ball 1-0: Foul Ball, location: 2F 1-1: SOLO HOME RUN (Flyball, 78XD, EV 112.5 MPH), Distance : 428 ft
|
|
Batting: RHB Trevor Conklin
|
0-0: Foul Ball, location: 2F 0-1: Ball 1-1: Called Strike 1-2: Ball 2-2: Ground out 5-3 (Groundball, 5, EV 86.2 MPH)
|
|
Batting: LHB Nate Kee
|
0-0: Swinging Strike 0-1: Called Strike 0-2: Foul Ball, location: 2F 0-2: Ball 1-2: Ball 2-2: Strikes out swinging
|
|
Batting: RHB Jason Baldwin
|
0-0: SINGLE (Flyball, 7S, EV 90.6 MPH)
|
|
Batting: LHB Tore Bosch
|
0-0: Ball 1-0: Ball 2-0: Foul Ball, location: 2F 2-1: Foul Ball, location: 2F 2-2: DOUBLE (Flyball, 7LD, EV 97.5 MPH) Jason Baldwin to third Runner from 3rd tries for Home, SAFE, throw by LF to home
|
|
Batting: LHB Jesus Ramirez
|
0-0: Called Strike 0-1: Called Strike 0-2: Ball 1-2: Foul Ball, location: 2F 1-2: Foul Ball, location: 2F 1-2: Strikes out swinging
|
| Bottom of the 5th over - 2 runs, 3 hits, 0 errors, 1 left on base; Hagerstown 0 - Great Lakes 10 |
| TOP OF THE 6TH |
|
Hagerstown Suns batting - Pitching for Great Lakes Loons : RHP Pat Matera
|
|
Batting: RHB Bobby Bricker
|
0-0: Called Strike 0-1: Ball 1-1: Ball 2-1: Ground out 6-3 (Groundball, 6, EV 85.0 MPH)
|
|
Batting: RHB Antonio Morado
|
0-0: Foul Ball, location: 2F 0-1: Swinging Strike 0-2: Strikes out swinging
|
|
Batting: RHB Slavik Nebrodov
|
0-0: SOLO HOME RUN (Flyball, 7D, EV 98.1 MPH), Distance : 359 ft
|
|
Batting: RHB Deshawn Boseman
|
0-0: Called Strike 0-1: Ball 1-1: Called Strike 1-2: Fly out, F9 (Line Drive, 9, EV 90.6 MPH)
|
| Top of the 6th over - 1 run, 1 hit, 0 errors, 0 left on base; Hagerstown 1 - Great Lakes 10 |
| BOTTOM OF THE 6TH |
|
Great Lakes Loons batting - Pitching for Hagerstown Suns : RHP Bastien Perrini
|
|
Batting: LHB Jim Jardine
|
0-0: Called Strike 0-1: Ball 1-1: Foul Ball, location: 2F 1-2: Ball 2-2: Strikes out swinging
|
|
Batting: RHB Javier Solis
|
0-0: Ball 1-0: Ball 2-0: Called Strike 2-1: Called Strike 2-2: Ball 3-2: Foul Ball, location: 2F 3-2: Ground out 4-3 (Groundball, 4, EV 81.9 MPH)
|
|
Pitching: RHP Danny Hoekenga
|
|
|
Batting: RHB Justin Curran
|
0-0: SINGLE (Groundball, 6, EV 106.2 MPH)
|
|
Batting: RHB Ruben Serrata
|
0-0: Swinging Strike 0-1: Foul Ball, location: 2F 0-2: Ball 1-2: Strikes out swinging
|
| Bottom of the 6th over - 0 runs, 1 hit, 0 errors, 1 left on base; Hagerstown 1 - Great Lakes 10 |
| TOP OF THE 7TH |
|
Hagerstown Suns batting - Pitching for Great Lakes Loons : RHP Pat Matera
|
|
Batting: RHB Nick Moreno
|
0-0: Ball 1-0: Called Strike 1-1: Ball 2-1: Ball 3-1: Fly out, F8 (Flyball, 8RXD, EV 96.2 MPH)
|
|
Batting: RHB Ben Welt
|
0-0: Ball 1-0: SINGLE (Groundball, 6, EV 110.0 MPH)
|
|
Batting: RHB Naofumi Ishida
|
0-0: Ball 1-0: Ball 2-0: SINGLE (Line Drive, 89S, EV 89.4 MPH) Ben Welt to second
|
|
Batting: RHB Steve Bauman
|
0-0: Called Strike 0-1: Foul Ball, location: 2F 0-2: Fielders Choice at 2nd, 5-4 (Groundball, 5, EV 85.0 MPH) Ben Welt to third
|
|
Batting: RHB Jelexiz Cuenca
|
0-0: Called Strike 0-1: Ball 1-1: Called Strike 1-2: Strikes out swinging
|
| Top of the 7th over - 0 runs, 2 hits, 0 errors, 2 left on base; Hagerstown 1 - Great Lakes 10 |
| BOTTOM OF THE 7TH |
|
Great Lakes Loons batting - Pitching for Hagerstown Suns : RHP Danny Hoekenga
|
|
Pinch Hitting: LHB Cory Bowler
|
0-0: Ball 1-0: Ball 2-0: SINGLE (Groundball, 5S, EV 76.9 MPH) (infield hit)
|
|
Batting: LHB Nate Kee
|
0-0: Foul Ball, location: 2F 0-1: Foul Ball, location: 2F 0-2: Ball 1-2: Ball 2-2: Foul Ball, location: 2F 2-2: Ball 3-2: Base on Balls Cory Bowler to second
|
|
Batting: RHB Jason Baldwin
|
0-0: Swinging Strike 0-1: Swinging Strike 0-2: Ball 1-2: Ball 2-2: Foul Ball, location: 2F 2-2: Strikes out swinging
|
|
Batting: LHB Tore Bosch
|
0-0: Called Strike 0-1: Grounds into double play, 4-6-3 (Groundball, 4, EV 90.0 MPH)
|
| Bottom of the 7th over - 0 runs, 1 hit, 0 errors, 1 left on base; Hagerstown 1 - Great Lakes 10 |
| TOP OF THE 8TH |
|
Hagerstown Suns batting - Pitching for Great Lakes Loons : RHP Pat Matera
|
|
Now at 2B: Cory Bowler
|
|
|
Now at SS: Jason Baldwin
|
|
|
Batting: RHB Bobby Bricker
|
0-0: Called Strike 0-1: Ball 1-1: Foul Ball, location: 2F 1-2: Strikes out swinging
|
|
Batting: RHB Antonio Morado
|
0-0: SINGLE (Groundball, 4MD, EV 95.6 MPH)
|
|
Batting: RHB Slavik Nebrodov
|
0-0: Ball 1-0: SINGLE (Groundball, 6S, EV 70.0 MPH) (infield hit) Antonio Morado to second
|
|
Batting: RHB Deshawn Boseman
|
0-0: Called Strike 0-1: Ball 1-1: Ball 2-1: Foul Ball, location: 2F 2-2: Ball 3-2: Strikes out swinging
|
|
Pitching: RHP Alberto Castillo
|
|
|
Pinch Hitting: LHB Chance McWilliams
|
0-0: Ground out 4-3 (Groundball, 4, EV 93.1 MPH)
|
| Top of the 8th over - 0 runs, 2 hits, 0 errors, 2 left on base; Hagerstown 1 - Great Lakes 10 |
| BOTTOM OF THE 8TH |
|
Great Lakes Loons batting - Pitching for Hagerstown Suns : RHP Danny Hoekenga
|
|
Now in LF: Chance McWilliams
|
|
|
Now in CF: Ben Welt
|
|
|
Batting: LHB Jesus Ramirez
|
0-0: Ball 1-0: Ball 2-0: Called Strike 2-1: Called Strike 2-2: Ball 3-2: SINGLE (Groundball, 6MD, EV 95.0 MPH)
|
|
Batting: LHB Jim Jardine
|
0-0: Ball 1-0: Ball 2-0: Called Strike 2-1: Fly out, F7 (Flyball, 7, EV 89.4 MPH)
|
|
Batting: RHB Javier Solis
|
0-0: Ball 1-0: Foul Ball, location: 2F 1-1: SINGLE (Groundball, 6MD, EV 93.8 MPH) Jesus Ramirez to second Runner from 2nd tries for 3rd, SAFE, throw by CF made to third
|
|
Batting: RHB Justin Curran
|
0-0: Ball 1-0: Fly out, F7 (Flyball, 7D, EV 100.6 MPH) Runner from 3rd tags up, OUT at HOME! 7-2
|
| Bottom of the 8th over - 0 runs, 2 hits, 0 errors, 1 left on base; Hagerstown 1 - Great Lakes 10 |
| TOP OF THE 9TH |
|
Hagerstown Suns batting - Pitching for Great Lakes Loons : RHP Alberto Castillo
|
|
Batting: RHB Ben Welt
|
0-0: Called Strike 0-1: Ball 1-1: Swinging Strike 1-2: Ball 2-2: Foul Ball, location: 2F 2-2: Fly out, F7 (Flyball, 78M, EV 76.9 MPH)
|
|
Batting: RHB Naofumi Ishida
|
0-0: Ball 1-0: Ball 2-0: Foul Ball, location: 2F 2-1: Foul Ball, location: 2F 2-2: Strikes out swinging
|
|
Batting: RHB Steve Bauman
|
0-0: Fly out, F9 (Flyball, 89M, EV 93.1 MPH)
|
| Top of the 9th over - 0 runs, 0 hits, 0 errors, 0 left on base; Hagerstown 1 - Great Lakes 10 |
|